 Dungeon Crawl Stone Soup version 0.20-a0-983-g35de22d (webtiles) character file.

1309 Murumi the Covert (level 8, -4/69 HPs)
             Began as a Naga Enchanter on Apr 10, 2017.
             Was an Initiate of Cheibriados.
             Slain by Grinder (5 damage)
             ... on level 6 of the Dungeon.
             The game lasted 00:23:30 (6921 turns).

Murumi the Covert (Naga Enchanter)                  Turns: 6921, Time: 00:23:30

Health: -4/69      AC:  5    Str: 12    XL:     8   Next: 58%
Magic:  1/11       EV: 10    Int: 17    God:    Cheibriados [......]
Gold:   300        SH:  0    Dex: 14    Spells: 8/11 levels left

rFire    . . .     SeeInvis +   q - -1 dagger (curse)
rCold    . . .     Gourm    .   (no shield)
rNeg     . . .     Faith    .   b - +1 robe
rPois    +         Spirit   .   p - +0 helmet
rElec    .         Reflect  .   (no cloak)
rCorr    +         Harm     .   (no gloves)
MR       +....                  (no barding)
Stlth    +++++.....             (no amulet)
Regen    0.3/turn               l - ring of resist corrosion
MPRegen  0.2/turn               s - +1 ring of slaying

@: very slow
A: see invisible, deformed body, poison resistance, slowness 2, slow metabolism
1, spit poison 1, AC +2
a: Spit Poison, Bend Time, Renounce Religion


You were on level 6 of the Dungeon.
You worshipped Cheibriados.
Cheibriados was noncommittal.
You were hungry.

You visited 2 branches of the dungeon, and saw 7 of its levels.

You collected 300 gold pieces.

Inventory:

Hand Weapons
 a - a +1 dagger
 q - a cursed -1 dagger (weapon)
Armour
 b - a +1 robe (worn)
 p - a +0 helmet (worn)
Jewellery
 l - a ring of resist corrosion (left hand)
 n - an uncursed amulet of guardian spirit {unknown}
 s - a +1 ring of slaying (right hand)
Wands
 r - a wand of digging (14/24)
Scrolls
 e - a scroll of enchant armour
 g - a scroll of amnesia
 i - a scroll of teleportation
Potions
 f - a potion of cancellation
 h - 3 potions of brilliance
 j - 2 potions of flight
Books
 c - a book of Maledictions

   Spells                             Type                      Level
   a - Corona                         Hexes                        1
   b - Ensorcelled Hibernation        Hexes/Ice                    2
   c - Confuse                        Hexes                        3
   d - Tukima's Dance                 Hexes                        3
   e - Dazzling Spray                 Conjuration/Hexes            3
Comestibles
 d - 5 bread rations
 k - 16 fruits
 o - 4 meat rations


   Skills:
 - Level 3.2 Fighting
 - Level 4.0 Short Blades
 - Level 2.0 Dodging
 + Level 11.3 Stealth
 - Level 2.0 Spellcasting
 - Level 3.0 Hexes
 - Level 5.1 Invocations


You had 8 spell levels left.
You knew the following spells:

 Your Spells              Type           Power        Failure   Level  Hunger
a - Corona                Hex            ##.....      6%          1    #......
b - Ensorcelled Hibernat  Hex/Ice        #.....       17%         2    ###....


Dungeon Overview and Level Annotations

Branches:
Dungeon (6/15)             Temple (1/1) D:5

Altars:
Ashenzari
Cheibriados
Dithmenos
Elyvilon
Fedhas
Gozag
Hepliaklqana
Kikubaaqudgha
Makhleb
Nemelex Xobeh
Okawaru
Qazlal
Ru
Sif Muna
Trog
Uskayaw
Vehumet
Wu Jian
Xom
Yredelemnul
Zin
The Shining One

Annotations:
D:6 Grinder


Innate Abilities, Weirdness & Mutations

You cannot wear boots.
Your serpentine skin is tough. (AC +2)
You have supernaturally acute eyesight. (SInv)
Armour fits poorly on your strangely shaped body.
Your system is resistant to poisons. (rPois)
You cover ground very slowly.
You have a slow metabolism.
You can spit poison.


Message History

You hit Grinder.
Grinder is moderately wounded.
Grinder is no longer moving slowly.
Okay, then.
Okay, then.
You don't have enough magic at the moment.
You feel better. Grinder hits you.
* * * LOW HITPOINT WARNING * * *
You writhe in agony.
* * * LOW HITPOINT WARNING * * *
Grinder blinks!
Grinder gestures at you. Pain shoots through your body!
* * * LOW HITPOINT WARNING * * *
Grinder blinks!
Grinder barely misses you. Grinder hits you!
* * * LOW HITPOINT WARNING * * *
You hit Grinder.
Grinder is moderately wounded.
Grinder hits you.
You die...

#####....###
###.## ##.#
#.## ##.#
##.## #.^#
##5## #@.#
#.## #.ยง#
#.## .. ..#
#.. ... ....


You could see Grinder.

Vanquished Creatures
  The ghost of asdguy00 the Firebug, an amateur DrFE of Vehumet (D:4)
  A water moccasin (D:5)
  An ice beast (D:6)
  2 ogres
  2 bullfrogs (D:6)
  2 scorpions
  A howler monkey (D:6)
  2 hounds
  A bullfrog skeleton (D:5)
  An orc priest (D:6)
  An orc wizard (D:6)
  Natasha (twice) (D:2)
  5 worker ants
  A hound zombie (D:5)
  Robin (D:3)
  A river rat (D:3)
  7 adders
  A shadow imp (D:6)
  An ooze (D:3)
  An adder zombie (D:6)
  3 worms
  A dart slug (D:2)
  A leopard gecko (D:1)
  9 orcs
  2 ball pythons
  5 giant cockroaches
  24 goblins
  10 hobgoblins
  13 jackals
  A quokka (D:2)
  13 bats
  4 frilled lizards
  8 kobolds
  10 rats
139 creatures vanquished.

Notes
Turn   | Place    | Note
-------+----------+-------------------------------------------
     0 | D:1      | Murumi the Naga Enchanter began the quest for the Orb.
     0 | D:1      | Reached XP level 1. HP: 15/15 MP: 3/3
   249 | D:1      | Reached XP level 2. HP: 22/22 MP: 5/5
   459 | D:1      | Reached skill level 5 in Stealth
   466 | D:1      | Learned a level 2 spell: Ensorcelled Hibernation
  1172 | D:1      | Reached XP level 3. HP: 24/28 MP: 6/6
  1208 | D:2      | Reached skill level 6 in Stealth
  1442 | D:2      | Reached XP level 4. HP: 24/36 MP: 2/7
  1538 | D:2      | Noticed Natasha
  1543 | D:2      | Killed Natasha
  1543 | D:2      | Reached skill level 7 in Stealth
  1872 | D:2      | Noticed Natasha
  1878 | D:2      | Killed Natasha
  1878 | D:2      | Reached skill level 8 in Stealth
  1878 | D:2      | Reached XP level 5. HP: 42/42 MP: 3/8
  2314 | D:2      | Reached skill level 1 in Fighting
  2655 | D:3      | Noticed Robin
  2664 | D:3      | Killed Robin
  2790 | D:3      | Reached skill level 9 in Stealth
  2816 | D:3      | Found a sparkling altar of Nemelex Xobeh.
  3442 | D:3      | Reached XP level 6. HP: 51/51 MP: 9/9
  4098 | D:4      | Found a blossoming altar of Fedhas.
  4140 | D:4      | Noticed asdguy00's ghost (amateur DrFE)
  4149 | D:4      | Killed asdguy00's ghost
  4149 | D:4      | Reached skill level 10 in Stealth
  4149 | D:4      | Reached XP level 7. HP: 59/60 MP: 10/10
  4572 | D:5      | Entered Level 5 of the Dungeon
  4841 | D:5      | Reached skill level 11 in Stealth
  5267 | D:5      | Found a staircase to the Ecumenical Temple.
  5280 | Temple   | Entered the Ecumenical Temple
  5332 | Temple   | Became a worshipper of Cheibriados the Contemplative
  5657 | D:6      | Reached XP level 8. HP: 69/69 MP: 11/11
  5686 | D:6      | Reached skill level 1 in Invocations
  6473 | D:6      | Reached skill level 5 in Invocations
  6896 | D:6      | Noticed Grinder
  6920 | D:6      | HP: 1/69 [Grinder (7)]
  6921 | D:6      | Slain by Grinder

Vault maps used:
D:1:      minmay_arrival_wavy_path, minmay_pentomino_z2
D:2:      uniq_natasha
D:3:      nemelex_xobeh_ov_fountains_minmay, cheibrodos_sewer_entry_sluice,
          minmay_misc_feat_cross, uniq_robin
D:4:      serial_glass, glass_columns_a, glass_columns_b, fedhas_altar_2
D:5:      minmay_temple_entry_mist, first_bread
D:6:      uniq_grinder
Temple:   grunt_wide_crystal_templ

Skill      XL: |  1  2  3  4  5  6  7  8 |
---------------+-------------------------+-----
Dodging        | 2 |  2.0
Stealth        | 5 6 8 9 10 11 | 11.3
Fighting       | 1 2 3 |  3.2
Short Blades   | 2 4 |  4.0
Invocations    | 5 |  5.1
Spellcasting   | |  2.0
Hexes          | |  3.0

Action                   |  1- 3 |  4- 6 |  7- 9 || total
-------------------------+-------+-------+-------++-------
Melee: Dagger            |    77 |   266 |   190 ||   533
 Cast: Ensorcelled Hiber |     4 |     8 |    16 ||    28
Invok: Bend Time         |       |       |     6 ||     6
 Abil: Spit Poison       |     9 |     8 |     2 ||    19
  Use: Scroll            |     5 |     7 |     1 ||    13
       Potion            |       |     3 |     8 ||    11
 Stab: Sleeping          |     7 |    20 |    17 ||    44
       Distracted        |     1 |     2 |       ||     3
       Invisible         |       |     5 |       ||     5
  Eat: Chunk             |     1 |     7 |     1 ||     9
       Bread ration      |       |     1 |     1 ||     2
       Fruit             |       |       |     1 ||     1
Armor: Robe              |    27 |    75 |    23 ||   125
       Skin              |       |    87 |    38 ||   125
Dodge: Dodged            |    52 |   141 |    48 ||   241
